 Dungeon Crawl Stone Soup version 0.20-a0-466-gc52d0eb (webtiles) character file.

63415 TheGoonsmith the Blocker (level 15, -9/79 HPs)
             Began as a Vine Stalker Enchanter on Jan 12, 2017.
             Was the Champion of Ashenzari.
             Mangled by an ice dragon (11 damage)
             ... on level 15 of the Dungeon on Jan 13, 2017.
             The game lasted 01:05:50 (21384 turns).

TheGoonsmith the Blocker (Vine Stalker Enchanter)  Turns: 21384, Time: 01:05:51

Health: -9/79      AC: 19    Str: 22    XL:     15   Next: 9%
Magic:  0/20       EV: 15    Int: 15    God:    Ashenzari [******]
Gold:   198        SH: 15    Dex: 17    Spells: 4/20 levels left

rFire  + + .     SeeInvis +     C - +6 quick blade (curse)
rCold  + . .     Gourm    .     R - +0 scale mail {MR+}
rNeg   . . .     Faith    .     p - +0 shield (curse)
rPois  +         Spirit   +     V - +1 helmet of the Yeti {Str+7 Slay+3}
rElec  +         Reflect  .     K - +2 cloak {rPois} (curse)
rCorr  +         Harm     .     y - +1 pair of gloves
MR     ++...     Clarity  +     B - +2 pair of boots {Fly} (curse)
Stlth  ++++......               e - amulet of regeneration
                                b - +1 ring of slaying (curse)
                                f - ring of protection from fire (curse)

@: resistant, repel missiles
A: fangs 3, regeneration 2, magic shield, antimagic bite, no potion heal 3, rot
immunity
a: Curse Item, Scrying, Transfer Knowledge, Renounce Religion, Evoke Flight


You were on level 15 of the Dungeon.
You worshipped Ashenzari.
Ashenzari was exalted by your worship.
You were not hungry.

You visited 4 branches of the dungeon, and saw 24 of its levels.

You collected 2814 gold pieces.
You spent 2616 gold pieces at shops.

Inventory:

Hand Weapons
 C - a cursed +6 quick blade (weapon)
Missiles
 E - 3 throwing nets (quivered)
Armour
 p - a cursed +0 shield (worn)
 y - a +1 pair of gloves (worn)
 B - a cursed +2 pair of boots of flying (worn)
 K - a cursed +2 cloak of poison resistance (worn)
 O - the +0 shield "Sesa" {rPois MR+ SInv}
   (You bought it in a shop on level 2 of the Orcish Mines)

   It protects you from poison.
   It affects your resistance to hostile enchantments.
   It lets you see invisible.
 R - a +0 scale mail of magic resistance (worn)
 V - the +1 helmet of the Yeti (worn) {Str+7 Slay+3}
   (You bought it in a shop on level 9 of the Dungeon)

   It affects your strength (+7).
   It affects your accuracy and damage with ranged weapons and melee attacks
   (+3).
Jewellery
 b - a cursed +1 ring of slaying (right hand)
 e - an amulet of regeneration (around neck)
 f - a cursed ring of protection from fire (left hand)
 g - an uncursed ring of protection from cold
Wands
 a - a wand of paralysis (9/24)
 c - a wand of enslavement (12/24)
 j - a wand of digging (19/24)
 k - a wand of iceblast (5/15)
 z - a wand of lightning (4/15)
 F - a wand of disintegration (8/24)
 J - a wand of clouds (4/9)
 L - a wand of lightning (6/15)
 N - a wand of paralysis (8/24)
 X - a wand of iceblast (8/15)
Scrolls
 h - 2 scrolls of recharging
 i - 6 scrolls of teleportation
 r - 13 scrolls of identify
 P - a scroll of magic mapping
 Z - 2 scrolls of remove curse
Potions
 l - a potion of ambrosia
 n - a potion of magic
 s - 3 potions of brilliance
 u - 4 potions of haste
 w - 7 potions of might
 G - 2 potions of berserk rage
 H - 11 potions of curing
 Q - a potion of cancellation
 S - a potion of flight
 W - 3 potions of agility
 Y - 4 potions of invisibility
Books
 o - a book of Dreams

   Spells                             Type                      Level
   a - Ensorcelled Hibernation        Hexes/Ice                    2
   b - Silence                        Hexes/Air                    5
   c - Darkness                       Hexes                        6
   d - Shadow Creatures               Summoning                    6
 q - a book of Unlife

   Spells                             Type                      Level
   a - Recall                         Summoning/Translocation      3
   b - Animate Dead                   Necromancy                   4
   c - Control Undead                 Necromancy                   4
   d - Cigotuvi's Embrace             Necromancy                   5
   e - Death Channel                  Necromancy                   6
   f - Simulacrum                     Ice/Necromancy               6
Comestibles
 d - 11 chunks of flesh
 m - 11 meat rations
 M - 5 beef jerkies


   Skills:
 - Level 9.0 Fighting
 - Level 8.0(12.4) Short Blades
 - Level 6.7 Armour
 - Level 7.4 Dodging
 - Level 11.0 Stealth
 - Level 13.0(15.6) Shields
 - Level 3.0 Spellcasting
 - Level 7.0(10.1) Hexes
 - Level 3.5(6.2) Charms
 - Level 4.3(7.2) Translocations
 - Level 3.1(5.7) Air Magic
 + Level 5.3(8.3) Evocations


You had 4 spell levels left.
You knew the following spells:

 Your Spells              Type           Power        Failure   Level  Hunger
a - Ensorcelled Hibernat  Hex/Ice        ###...       10%         2    ##.....
b - Tukima's Dance        Hex            ####....     2%          3    ###....
c - Confuse               Hex            ####....     2%          3    ###....
d - Summon Ice Beast      Ice/Summ       #.......     100%        4    #####..
e - Blink                 Tloc           N/A          3%          2    ##.....
r - Repel Missiles        Chrm/Air       ###...       8%          2    ##.....


Dungeon Overview and Level Annotations

Branches:
Dungeon (15/15)            Temple (1/1) D:4            Lair (6/6) D:10
  Swamp (0/4) Lair:2       Spider (0/4) Lair:2          Orc (2/2) D:12
    Elf (0/3) Orc:2        Vaults (0/5) D:13         Depths (0/5) D:15
  Slime: Lair:5-6

Altars:
Ashenzari
Cheibriados
Dithmenos
Elyvilon
Fedhas
Gozag
Hepliaklqana
Kikubaaqudgha
Makhleb
Nemelex Xobeh
Okawaru
Qazlal
Ru
Sif Muna
Trog
Uskayaw
Vehumet
Xom
Yredelemnul
Zin
The Shining One

Shops:
D:6 ![(   D:9 [   Orc:2 ((*=%:*[

Annotations:
D:12 exclusion: ice statue
Lair:1 exclusion: oklob plant


Innate Abilities, Weirdness & Mutations

You have razor-sharp teeth.
You heal very quickly.
When hurt, damage is shared between your health and your magic reserves.
Your bite disrupts and absorbs the magic of your enemies.
Potions cannot restore your health.
You are immune to rotting.


Message History

You puncture the ice dragon! Your bite misses the ice dragon.
The ice dragon is moderately wounded.
You hit the ice dragon. You bite the ice dragon. You drain its power.
You feel invigorated.
The ice dragon is heavily wounded.
You barely miss the ice dragon.
You bite the ice dragon, but do no damage.
The ice dragon is heavily wounded.
The ice dragon breathes frost at you. The blast of cold hits you!
* * * LOW HITPOINT WARNING * * *
You are too injured to fight recklessly!
You are too injured to fight recklessly!
You are too injured to fight recklessly!
You are too injured to fight recklessly!
You feel protected. The ice dragon bites you!
* * * LOW HITPOINT WARNING * * *
The ice dragon claws you!
You die...

* ,,,
##..##......... , ,
* ##.#.##.........
,
*##..#..######...#
*
*##...........#...#
#..8.........#...#
#............#...#
#.##.###..####...#
##.#### ##.## #...#
#.@.# #..# #...#
#..#D.# ##.# #...#
#$. .$# #.# #...#
#$. .$# #.####.##
#$. .=# ##..# #.#
#$. .$# #...# #.#
##.∆.## #...###.#
##>## #....##.# *
#....##.#


You could see an ice dragon.

Vanquished Creatures
  Donald (Orc:2)
  Louise (D:14)
  Snorg (Orc:2)
  A fire dragon (D:15)
  A yaktaur captain (D:13)
  A hydra (Lair:1)
  Harold (D:11)
  4 centaur warriors
  8 two-headed ogres
  Erica (D:8)
  An ogre mage (D:14)
  A tengu warrior (D:14)
  5 orc high priests (Orc:2)
  A death yak (Lair:4)
  Nergalle (D:11)
  Sonja (Lair:4)
  4 skeletal warriors
  3 unseen horrors
  A lindwurm (Lair:5)
  4 orc knights (Orc:2)
  5 ugly things
  An orc sorcerer (Orc:2)
  A cyclops (D:13)
  A manticore (D:11)
  Maurice (D:8)
  A gargoyle (D:10)
  A rime drake (Lair:3)
  6 spiny frogs
  8 komodo dragons
  2 yaktaurs (D:13)
  A kobold demonologist (D:14)
  An efreet (D:14)
  8 trolls
  2 hornets
  17 blink frogs
  8 hippogriffs
  A spriggan (Lair:2)
  2 shadows (D:12)
  2 wraiths
  11 yaks
  2 basilisks
  Grum (D:9)
  4 hungry ghosts
  3 wargs (D:12)
  5 swamp worms (Lair:2)
  An acid dragon (D:14)
  2 soldier ants
  8 water moccasins
  30 orc warriors
  8 porcupines
  6 ice beasts
  4 sky beasts
  4 phantoms
  A black bear (D:9)
  An eye of draining (D:10)
  10 ogres
  23 centaurs
  12 crocodiles
  5 wolves
  6 big kobolds
  11 bullfrogs
  2 gnoll sergeants
  A wyvern zombie (D:12)
  5 scorpions
  A wyvern skeleton (D:13)
  A water moccasin skeleton (D:12)
  9 killer bees
  8 wights (D:10)
  An electric eel (Lair:2)
  5 centaur zombies
  13 crimson imps
  A bullfrog zombie (D:10)
  4 hounds
  A quasit (D:10)
  5 jellies
  37 orc priests
  16 orc wizards
  2 bullfrog skeletons
  4 centaur skeletons
  Jessica (D:3)
  7 iguanas
  12 worker ants
  A hound skeleton (D:4)
  A worker ant zombie (D:10)
  13 adders
  13 gnolls
  3 shadow imps
  An adder skeleton (D:4)
  6 worms
  A dart slug (D:5)
  6 leopard geckos
  69 orcs
  7 bats
  7 giant cockroaches
  36 goblins
  48 hobgoblins
  21 jackals
  20 kobolds
  4 quokkas
  A ball python (D:2)
  A frilled lizard (D:2)
  2 jackal skeletons
  10 rats
  4 plants (Lair:2)
680 creatures vanquished.

Vanquished Creatures (collateral kills)
  3 orc warriors (Orc:2)
  An orc priest (Orc:2)
4 creatures vanquished.

Vanquished Creatures (others)
  4 dancing weapons
  A fungus (Lair:4)
  2 plants (Lair:1)
7 creatures vanquished.

Grand Total: 691 creatures vanquished

Notes
Turn   | Place    | Note
-------+----------+-------------------------------------------
     0 | D:1      | TheGoonsmith the Vine Stalker Enchanter began the quest for the Orb.
     0 | D:1      | Reached XP level 1. HP: 9/9 MP: 4/4
    18 | D:1      | Reached skill level 1 in Short Blades
    61 | D:1      | Reached skill level 1 in Fighting
   271 | D:1      | Reached XP level 2. HP: 14/14 MP: 6/6
   848 | D:2      | Reached XP level 3. HP: 18/18 MP: 7/7
  1196 | D:2      | Found a bloodstained altar of Trog.
  1722 | D:2      | Gained mutation: Your natural rate of healing is unusually fast. [Vine Stalker growth]
  1722 | D:2      | Reached XP level 4. HP: 15/22 MP: 8/8
  2010 | D:3      | Found a faded altar of an unknown god.
  2065 | D:3      | Noticed Jessica
  2084 | D:3      | Killed Jessica
  2084 | D:3      | Reached skill level 1 in Shields
  2084 | D:3      | Reached XP level 5. HP: 7/25 MP: 9/9
  2127 | D:3      | Learned a level 3 spell: Confuse
  2131 | D:3      | Learned a level 3 spell: Tukima's Dance
  2738 | D:3      | Reached XP level 6. HP: 7/30 MP: 6/10
  3287 | D:3      | Reached skill level 5 in Short Blades
  3381 | D:3      | Reached XP level 7. HP: 29/35 MP: 9/11
  3992 | D:3      | Learned a level 2 spell: Ensorcelled Hibernation
  4168 | D:4      | Reached skill level 5 in Hexes
  4168 | D:4      | Gained mutation: You have razor-sharp teeth. [Vine Stalker growth]
  4168 | D:4      | Reached XP level 8. HP: 34/39 MP: 12/12
  4282 | D:4      | Found a burning altar of Makhleb.
  4473 | D:4      | Found a staircase to the Ecumenical Temple.
  4531 | Temple   | Entered the Ecumenical Temple
  4587 | Temple   | Became a worshipper of Ashenzari the Shackled
  5001 | D:5      | Entered Level 5 of the Dungeon
  5337 | D:5      | Found a shadowy altar of Dithmenos.
  5736 | D:5      | Reached * piety under Ashenzari
  5878 | D:5      | Reached XP level 9. HP: 38/42 MP: 12/14
  5918 | D:6      | Found Netzat's Armour Emporium.
  5927 | D:6      | Bought a +2 pair of boots of flying for 236 gold pieces
  5940 | D:6      | Identified a scroll of acquirement
  6443 | D:6      | Found Jicw's Magic Scroll Emporium.
  6459 | D:6      | Found Koucvu's Distillery.
  6545 | D:6      | Found Suifol's Weapon Emporium.
  6814 | D:7      | Found a snail-covered altar of Cheibriados.
  6817 | D:7      | Found an iron altar of Okawaru.
  6817 | D:7      | Found a hide-covered altar of Uskayaw.
  7041 | D:7      | Found a glowing silver altar of Zin.
  7042 | D:7      | Found an opulent altar of Gozag.
  7192 | D:7      | Reached skill level 5 in Fighting
  7574 | D:8      | Reached skill level 1 in Evocations
  7654 | D:8      | Noticed a two-headed ogre
  7667 | D:8      | Killed a two-headed ogre
  7667 | D:8      | Reached XP level 10. HP: 45/53 MP: 15/15
  7806 | D:8      | Reached ** piety under Ashenzari
  7912 | D:8      | Reached skill level 5 in Evocations
  8092 | D:8      | Reached skill level 2 in Shields
  8115 | D:8      | Noticed Maurice
  8121 | D:8      | Killed Maurice
  8121 | D:8      | Reached skill level 3 in Shields
  8130 | D:8      | Noticed Erica
  8147 | D:8      | Killed Erica
  8147 | D:8      | Reached skill level 5 in Shields
  8206 | D:9      | Found Gerooxta's Antique Armour Shoppe.
  8210 | D:9      | Identified the +11 trident "Jelly's Foe" {drain, rElec Dex+3}
  8468 | D:9      | Reached skill level 6 in Shields
  8582 | D:9      | Noticed Grum
  8637 | D:9      | Killed Grum
  8644 | D:9      | Reached skill level 7 in Shields
  8823 | D:10     | Entered Level 10 of the Dungeon
  8923 | D:10     | Reached XP level 11. HP: 52/56 MP: 16/16
  8952 | D:10     | Found a staircase to the Lair.
  8973 | D:10     | Reached *** piety under Ashenzari
  9091 | D:10     | Reached skill level 8 in Shields
  9707 | Lair:1   | Entered Level 1 of the Lair of Beasts
  9863 | Lair:1   | Reached **** piety under Ashenzari
  9985 | Lair:1   | Reached skill level 9 in Shields
 10063 | Lair:1   | Noticed an oklob plant
 10286 | Lair:1   | Identified the cursed ring of Equilibrium {Fire +Inv rPois Dex-4} (You acquired it on level 1 of the Lair of Beasts)
 10373 | Lair:1   | Learned a level 2 spell: Blink
 10376 | Lair:1   | Learned a level 2 spell: Repel Missiles
 10720 | Lair:2   | Found a staircase to the Swamp.
 11003 | Lair:2   | Reached skill level 10 in Shields
 11067 | Lair:2   | Reached skill level 5 in Stealth
 11099 | Lair:2   | Found a hole to the Spider Nest.
 11208 | Lair:2   | Noticed a five-headed hydra
 11301 | Lair:1   | Killed a five-headed hydra
 11913 | Lair:2   | Gained mutation: You heal very quickly. [Vine Stalker growth]
 11913 | Lair:2   | Reached XP level 12. HP: 61/61 MP: 17/17
 12088 | Lair:3   | Gained mutation: You have sharp toenails. [potion of beneficial mutation]
 12233 | Lair:3   | Reached ***** piety under Ashenzari
 12289 | Lair:3   | Reached skill level 10 in Stealth
 12779 | Lair:4   | Upgraded the game from 0.20-a0-465-g6513c8f to 0.20-a0-466-gc52d0eb
 12788 | Lair:4   | Noticed Sonja
 12791 | Lair:4   | Killed Sonja
 12791 | Lair:4   | Reached skill level 1 in Armour
 13113 | Lair:4   | Found a stormy altar of Qazlal.
 13660 | Lair:5   | Noticed a death yak
 13660 | Lair:5   | Noticed a death yak
 13660 | Lair:5   | Noticed a death yak
 13662 | Lair:5   | Noticed a death yak
 13663 | Lair:5   | Noticed a death yak
 13663 | Lair:5   | Noticed a death yak
 13709 | Lair:4   | Killed a death yak
 14259 | Lair:6   | Entered Level 6 of the Lair of Beasts
 14266 | Lair:6   | Noticed a five-headed hydra
 14435 | Lair:1   | Reached XP level 13. HP: 62/68 MP: 18/18
 14574 | D:11     | Reached ****** piety under Ashenzari
 14752 | D:11     | Noticed Nergalle
 14809 | D:11     | Killed Nergalle
 14809 | D:11     | Reached skill level 5 in Dodging
 15406 | D:11     | Noticed Harold
 15426 | D:11     | Killed Harold
 15771 | D:12     | Reached skill level 11 in Shields
 16084 | D:12     | Found a staircase to the Orcish Mines.
 16554 | Orc:1    | Entered Level 1 of the Orcish Mines
 16936 | Orc:1    | Reached skill level 12 in Shields
 17219 | Orc:2    | Entered Level 2 of the Orcish Mines
 17250 | Orc:2    | Found a staircase to the Elven Halls.
 17250 | Orc:2    | Noticed Donald
 17267 | Orc:2    | Killed Donald
 17267 | Orc:2    | Identified the +3 shield "Laebb" {MP+9} (You took it off Donald on level 2 of the Orcish Mines)
 17378 | Orc:2    | Found Pipehi's Antique Weapon Emporium.
 17382 | Orc:2    | Found Iwnot's Antique Weapon Emporium.
 17389 | Orc:2    | Found Nucasoyk's Assorted Antiques.
 17399 | Orc:2    | Bought a scroll labeled HODEDA DYLOEMM for 36 gold pieces
 17496 | Orc:2    | Found Dorij's Armour Emporium.
 17951 | Orc:2    | Reached XP level 14. HP: 73/73 MP: 19/19
 18004 | Orc:2    | Reached skill level 13 in Shields
 18070 | Orc:2    | Noticed Snorg
 18119 | Orc:2    | Reached skill level 1 in Translocations
 18378 | Orc:2    | Gained mutation: You are dopey. (Int -2) [a neqoxec]
 18559 | Orc:2    | Reached skill level 1 in Charms
 18577 | Orc:2    | Killed Snorg
 18577 | Orc:2    | Reached skill level 1 in Air Magic
 18721 | Orc:2    | Found Zylaxzu's Food Emporium.
 18724 | Orc:2    | Found Meicryasi's Book Shoppe.
 18725 | Orc:2    | Found Ratex's Jewellery Emporium.
 18726 | Orc:2    | Found Beastoo's Assorted Antiques.
 18749 | Orc:2    | Bought an uncursed amulet of regeneration for 510 gold pieces
 18852 | Orc:2    | Bought a brightly glowing shield for 342 gold pieces
 18852 | Orc:2    | Identified the +0 shield "Sesa" {rPois MR+ SInv} (You bought it in a shop on level 2 of the Orcish Mines)
 18951 | Orc:2    | Bought a pair of embroidered boots for 336 gold pieces
 19018 | Orc:2    | Bought a brightly glowing dagger for 203 gold pieces
 19018 | Orc:2    | Identified the +7 dagger of Hoisukai {vamp, Str+3 Int+4} (You bought it in a shop on level 2 of the Orcish Mines)
 19118 | D:9      | Bought a translucent helmet for 209 gold pieces
 19118 | D:9      | Identified the +1 helmet of the Yeti {Str+7 Slay+3} (You bought it in a shop on level 9 of the Dungeon)
 19168 | D:6      | Bought 2 potions of might for 96 gold pieces
 19168 | D:6      | Bought 2 potions of berserk rage for 120 gold pieces
 19168 | D:6      | Bought 2 potions of invisibility for 192 gold pieces
 19168 | D:6      | Bought 2 potions of invisibility for 192 gold pieces
 19168 | D:6      | Bought a potion of curing for 36 gold pieces
 19168 | D:6      | Bought a potion of curing for 36 gold pieces
 19168 | D:6      | Bought a potion of curing for 36 gold pieces
 19168 | D:6      | Bought a potion of curing for 36 gold pieces
 19515 | D:13     | Reached skill level 5 in Armour
 19998 | D:13     | Found a gate to the Vaults.
 20035 | D:13     | Learned a level 4 spell: Summon Ice Beast
 20318 | Lair:1   | Gained mutation: You have a pair of small horns on your head. [potion of beneficial mutation]
 20319 | Lair:1   | Lost mutation: You have sharp toenails. [potion of cure mutation]
 20319 | Lair:1   | Lost mutation: You are dopey. (Int -2) [potion of cure mutation]
 20319 | Lair:1   | Lost mutation: You have a pair of small horns on your head. [potion of cure mutation]
 20592 | D:14     | Noticed Louise
 20662 | D:14     | Killed Louise
 21019 | D:15     | Entered Level 15 of the Dungeon
 21172 | D:15     | Reached XP level 15. HP: 73/79 MP: 20/20
 21384 | D:15     | HP: 2/79 [ice dragon (7)]
 21384 | D:15     | Mangled by an ice dragon

Vault maps used:
D:1:      dpeg_arrival_windows_large_door, serial_bayou_pond_e
D:2:      cheibrodos_greedy_goblins, first_bread, trog_three_pillars_becter
D:3:      minmay_goblin_kobold_castle, chequers_ecumenical_altar_simple_redux,
          uniq_jessica
D:4:      nicolae_overflow_crystal_walls, serial_bayou_pond_e,
          hangedman_decor_riveting
D:5:      grunt_dithmenos_smoke_and_mirrors
D:6:      serial_shops, kennysheep_little_box, nicolae_shop_behind_doors, shop,
          shop
D:7:      grunt_temple_overflow_gold_and_silver, grunt_temple_overflow_open
D:8:      uniq_erica, uniq_maurice
D:9:      serial_shops, shop_statue, uniq_grum
D:10:     lair_entry_dummy
D:11:     hangedman_pestilent_swarm, uniq_harold, uniq_nergalle
D:12:     lemuel_ice_statue, minmay_orc_entry_guard_dogs
D:13:     david_vaults_2
D:14:     infiniplex_staircase_x, uniq_louise
D:15:     grunt_enter_depths_hoard, hangedman_abyss_or_decor_lesser_grid
Temple:   jpeg_temple_clearing
Lair:1:   st_stairs_11, lemuel_fruit_fields, minmay_lair_oklob_chamber
Lair:2:   nicolae_swamp_entry_splash_gauntlet, dummy_spider_entry, wad_woods_03
Lair:4:   basic_altar, uniq_sonja
Lair:5:   st_stairs_3, grunt_megastairs_5
Lair:6:   cheibrodos_lair_end_hotspot, slime_dummy
Orc:2:    st_orc_pillars, serial_shops, shop, nicolae_shop_overgrown_old_shop,
          shop, shop_fountains, uniq_donald, uniq_snorg

Skill      XL: |  1  2  3  4  5  6  7  8  9 10 11 12 13 14 |
---------------+-------------------------------------------+-----
Short Blades   | 1 2 3 4 5 6 7 8 |  8.0
Fighting       | 1 2 6 7 8 9 |  9.0
Stealth        | 4 9 11 | 11.0
Shields        | 1 7 10 12 13 | 13.0
Hexes          | 5 7 |  7.0
Spellcasting   | 3 |  3.0
Evocations     | 4 5 |  5.3
Armour         | 4 6 |  6.7
Dodging        | 4 5 7 |  7.4
Translocations | 4 |  4.3
Charms         | 3 |  3.5
Air Magic      | 3 |  3.1

Action                   |  1- 3 |  4- 6 |  7- 9 | 10-12 | 13-15 || total
-------------------------+-------+-------+-------+-------+-------++-------
Melee: Dagger            |   172 |   363 |   438 |       |       ||   973
       Bite              |    32 |    95 |   195 |   400 |   654 ||  1376
       Quick blade       |       |       |   272 |  1096 |  1742 ||  3110
 Cast: Confuse           |       |       |     1 |     3 |     2 ||     6
       Tukima's Dance    |       |       |       |       |    18 ||    18
       Repel Missiles    |       |       |       |       |     3 ||     3
Invok: Curse Item        |       |       |     5 |     1 |       ||     6
 Abil: Stop Flying       |       |       |     1 |       |       ||     1
Evoke: Wand              |       |       |     1 |     3 |     3 ||     7
  Use: Scroll            |       |     6 |    14 |    14 |     7 ||    41
       Potion            |       |       |       |     3 |     4 ||     7
 Stab: Sleeping          |     2 |     4 |     3 |    16 |    23 ||    48
       Distracted        |     1 |       |     3 |     3 |     6 ||    13
       Paralysed         |       |       |       |     1 |       ||     1
       Confused          |       |       |       |     3 |     1 ||     4
  Eat: Chunk             |     2 |     6 |    15 |    15 |    21 ||    59
       Bread ration      |       |       |       |     1 |     1 ||     2
       Pizza             |       |       |       |     1 |       ||     1
       Meat ration       |       |       |       |       |     1 ||     1
Armor: Robe              |     9 |       |       |       |       ||     9
       Ring mail         |    43 |   126 |   166 |   116 |    62 ||   513
       Troll leather arm |       |       |       |       |    47 ||    47
       Scale mail        |       |       |       |       |    43 ||    43
Dodge: Dodged            |   110 |   171 |   231 |   170 |   301 ||   983
       Deflected         |       |       |       |       |     4 ||     4
Block: Shield            |     2 |    36 |       |   262 |   508 ||   808
